| TOP OF THE 1ST |
|
Quad Cities River Bandits batting - Pitching for Lake County Captains : RHP En-guo Tsu
|
|
Pitching: RHP En-guo Tsu
|
|
|
Batting: LHB Danny Wolver
|
0-0: Swinging Strike 0-1: Ball 1-1: Foul Ball, location: 2F 1-2: Ball 2-2: Ball 3-2: Ground out 1-3 (Groundball, 34S, EV 67.5 MPH)
|
|
Batting: RHB Jorge Gutierrez
|
0-0: Ball 1-0: Ball 2-0: Foul Ball, location: 2F 2-1: Foul Ball, location: 2F 2-2: Ball 3-2: Ground out 1-3 (Groundball, 13S, EV 61.9 MPH)
|
|
Batting: RHB Juan Mendoza
|
0-0: Called Strike 0-1: Fly out, F9 (Flyball, 9LS, EV 87.5 MPH)
|
| Top of the 1st over - 0 runs, 0 hits, 0 errors, 0 left on base; Quad Cities 0 - Lake County 0 |
| BOTTOM OF THE 1ST |
|
Lake County Captains batting - Pitching for Quad Cities River Bandits : LHP T.J. Westover
|
|
Pitching: LHP T.J. Westover
|
|
|
Batting: RHB Kenzo Shinoda
|
0-0: Fly out, F7 (Line Drive, 7S, EV 95.6 MPH)
|
|
Batting: RHB Jeremy Givens
|
0-0: Called Strike 0-1: SINGLE (Flyball, 5D, EV 86.2 MPH)
|
|
Batting: LHB Alberto Chavez
|
0-0: Called Strike 0-1: Ball 1-1: Ball Jeremy Givens steals 2nd base 2-1: Foul Ball, location: 2F 2-2: Ground out 4-3 (Groundball, 4, EV 101.2 MPH) Jeremy Givens to third
|
|
Batting: LHB Danny Moreno
|
0-0: Foul Ball, location: 2F 0-1: Ball 1-1: Ball 2-1: Foul Ball, location: 2F 2-2: Ball 3-2: Foul Ball, location: 2F 3-2: Base on Balls
|
|
Batting: RHB Willie Gonzales
|
0-0: Called Strike 0-1: Foul Ball, location: 2F 0-2: Foul Ball, location: 2F 0-2: Ball 1-2: Foul Ball, location: 2F 1-2: Foul Ball, location: 2F 1-2: Ball 2-2: Strikes out looking
|
| Bottom of the 1st over - 0 runs, 1 hit, 0 errors, 2 left on base; Quad Cities 0 - Lake County 0 |
| TOP OF THE 2ND |
|
Quad Cities River Bandits batting - Pitching for Lake County Captains : RHP En-guo Tsu
|
|
Batting: LHB Josh Birkner
|
0-0: Ball 1-0: Ball 2-0: Foul Ball, location: 2F 2-1: Foul Ball, location: 2F 2-2: Foul Ball, location: 2F 2-2: Strikes out swinging
|
|
Batting: RHB Nick Deegan
|
0-0: Swinging Strike 0-1: Called Strike 0-2: Ball 1-2: Strikes out swinging
|
|
Batting: RHB Kieron Clark
|
0-0: Foul Ball, location: 2F 0-1: Foul Ball, location: 2F 0-2: Ball 1-2: SINGLE (Line Drive, 8LS, EV 94.4 MPH)
|
|
Batting: RHB Jordan Williams
|
0-0: Ball 1-0: Called Strike 1-1: Ball Kieron Clark is caught stealing 2nd base 2-4
|
| Top of the 2nd over - 0 runs, 1 hit, 0 errors, 0 left on base; Quad Cities 0 - Lake County 0 |
| BOTTOM OF THE 2ND |
|
Lake County Captains batting - Pitching for Quad Cities River Bandits : LHP T.J. Westover
|
|
Batting: RHB Reynaldo Herrera
|
0-0: Called Strike 0-1: Ball 1-1: Ball 2-1: SINGLE (Groundball, 56D, EV 105.6 MPH)
|
|
Batting: LHB John Holst
|
0-0: Called Strike 0-1: Ball 1-1: SINGLE (Groundball, 4MD, EV 104.4 MPH) Reynaldo Herrera to second
|
|
Batting: RHB David Schweitzer
|
0-0: Ball 1-0: Fielders Choice at 2nd, 1-6 (Groundball, 13S, EV 64.4 MPH) Reynaldo Herrera to third
|
|
Batting: RHB Anibal Casteles
|
0-0: Ball 1-0: Fly out, F9 (Flyball, 9, EV 91.9 MPH)
|
|
Batting: RHB Kenzo Shinoda
|
0-0: Called Strike 0-1: Ball 1-1: Called Strike 1-2: Fielders Choice at 2nd, 6-4 (Groundball, 6, EV 100.0 MPH)
|
| Bottom of the 2nd over - 0 runs, 2 hits, 0 errors, 2 left on base; Quad Cities 0 - Lake County 0 |
| TOP OF THE 3RD |
|
Quad Cities River Bandits batting - Pitching for Lake County Captains : RHP En-guo Tsu
|
|
Batting: RHB Jordan Williams
|
0-0: Called Strike 0-1: SOLO HOME RUN (Flyball, 78XD, EV 113.8 MPH), Distance : 445 ft
|
|
Batting: RHB Bobby Dunn
|
0-0: Called Strike 0-1: Foul Ball, location: 2F 0-2: Ball 1-2: Foul Ball, location: 2F 1-2: Ball 2-2: Ground out 5-3 (Groundball, 5, EV 75.6 MPH)
|
|
Batting: SHB Salvador Gomez
|
0-0: Called Strike 0-1: Ground out 4-3 (Groundball, 4M, EV 110.0 MPH)
|
|
Batting: LHB Danny Wolver
|
0-0: Foul Ball, location: 2F 0-1: Ball 1-1: Ball 2-1: Foul Ball, location: 2F 2-2: SINGLE (Groundball, 6MD, EV 107.5 MPH)
|
|
Batting: RHB Jorge Gutierrez
|
0-0: Ball 1-0: Ball 2-0: Foul Ball, location: 2F 2-1: Fielders Choice at 2nd, 6-4 (Groundball, 6, EV 83.8 MPH)
|
| Top of the 3rd over - 1 run, 2 hits, 0 errors, 1 left on base; Quad Cities 1 - Lake County 0 |
| BOTTOM OF THE 3RD |
|
Lake County Captains batting - Pitching for Quad Cities River Bandits : LHP T.J. Westover
|
|
Batting: RHB Jeremy Givens
|
0-0: Ball 1-0: SINGLE (Line Drive, 34D, EV 100.0 MPH)
|
|
Batting: LHB Alberto Chavez
|
0-0: Ball 1-0: Swinging Strike 1-1: Ball 2-1: Reached on error, E5 (Groundball, 56, EV 83.8 MPH) Jeremy Givens to second
|
|
Batting: LHB Danny Moreno
|
0-0: Ball 1-0: SINGLE (Groundball, 15S, EV 64.4 MPH) (infield hit) Jeremy Givens to third Alberto Chavez to second
|
|
Batting: RHB Willie Gonzales
|
0-0: Ball 1-0: Ball 2-0: Ball 3-0: Base on Balls Jeremy Givens scores Alberto Chavez to third Danny Moreno to second
|
|
Batting: RHB Reynaldo Herrera
|
0-0: Called Strike 0-1: Ball 1-1: Ball 2-1: Foul Ball, location: 2F 2-2: Grounds into double play, 4-6-3 (Groundball, 4, EV 101.2 MPH) Alberto Chavez scores Danny Moreno to third
|
|
Batting: LHB John Holst
|
0-0: Swinging Strike 0-1: Fly out, F7 (Flyball, 7D, EV 87.5 MPH)
|
| Bottom of the 3rd over - 2 runs, 2 hits, 1 error, 1 left on base; Quad Cities 1 - Lake County 2 |
| TOP OF THE 4TH |
|
Quad Cities River Bandits batting - Pitching for Lake County Captains : RHP En-guo Tsu
|
|
Batting: RHB Juan Mendoza
|
0-0: Ball 1-0: SINGLE (Groundball, 6MS, EV 65.6 MPH) (infield hit)
|
|
Batting: LHB Josh Birkner
|
0-0: Called Strike 0-1: Ball 1-1: Foul Ball, location: 2F 1-2: Ball 2-2: Ball 3-2: Grounds into double play, 4-6-3 (Groundball, 4, EV 82.5 MPH)
|
|
Batting: RHB Nick Deegan
|
0-0: Swinging Strike 0-1: Ground out 4-3 (Groundball, 4M, EV 83.8 MPH)
|
| Top of the 4th over - 0 runs, 1 hit, 0 errors, 0 left on base; Quad Cities 1 - Lake County 2 |
| BOTTOM OF THE 4TH |
|
Lake County Captains batting - Pitching for Quad Cities River Bandits : LHP T.J. Westover
|
|
Batting: RHB David Schweitzer
|
0-0: Ball 1-0: Foul Ball, location: 2F 1-1: Ball 2-1: Ball 3-1: Foul Ball, location: 2F 3-2: Foul Ball, location: 2F 3-2: Foul Ball, location: 2F 3-2: Foul Ball, location: 2F 3-2: Base on Balls
|
|
Batting: RHB Anibal Casteles
|
0-0: Ball 1-0: Ball 2-0: Called Strike 2-1: Ball 3-1: Base on Balls David Schweitzer to second
|
|
Batting: RHB Kenzo Shinoda
|
0-0: Foul Ball, location: 2F 0-1: Swinging Strike 0-2: Ball 1-2: Ball 2-2: Fly out, F7 (Flyball, 7, EV 86.2 MPH)
|
|
Batting: RHB Jeremy Givens
|
0-0: Ball 1-0: Called Strike 1-1: Ball 2-1: Ball Wild Pitch! David Schweitzer to third Anibal Casteles to second 3-1: DOUBLE (Groundball, 5L, EV 102.5 MPH) David Schweitzer scores Anibal Casteles scores
|
|
Batting: LHB Alberto Chavez
|
0-0: Ball 1-0: Foul Ball, location: 2F 1-1: Ground out 5-3 (Groundball, 56, EV 103.1 MPH)
|
|
Batting: LHB Danny Moreno
|
0-0: Fly out, F9 (Flyball, 9, EV 91.2 MPH)
|
| Bottom of the 4th over - 2 runs, 1 hit, 0 errors, 1 left on base; Quad Cities 1 - Lake County 4 |
| TOP OF THE 5TH |
|
Quad Cities River Bandits batting - Pitching for Lake County Captains : RHP En-guo Tsu
|
|
Batting: RHB Kieron Clark
|
0-0: Ball 1-0: Ball 2-0: Ball 3-0: Called Strike 3-1: Foul Ball, location: 2F 3-2: Foul Ball, location: 2F 3-2: SINGLE (Groundball, 6MD, EV 108.8 MPH)
|
|
Batting: RHB Jordan Williams
|
0-0: Swinging Strike 0-1: Foul Ball, location: 2F 0-2: Ball 1-2: Foul Ball, location: 2F 1-2: Ball 2-2: Foul Ball, location: 2F 2-2: Fly out, F3 (Line Drive, 3, EV 70.6 MPH) Lined into DP, U3 (Line Drive, 3, EV 66.9 MPH)
|
|
Batting: RHB Bobby Dunn
|
0-0: Foul Ball, location: 2F 0-1: Ball 1-1: Ground out 4-3 (Groundball, 4S, EV 84.4 MPH)
|
| Top of the 5th over - 0 runs, 1 hit, 0 errors, 0 left on base; Quad Cities 1 - Lake County 4 |
| BOTTOM OF THE 5TH |
|
Lake County Captains batting - Pitching for Quad Cities River Bandits : LHP T.J. Westover
|
|
Batting: RHB Willie Gonzales
|
0-0: Called Strike 0-1: Called Strike 0-2: Foul Ball, location: 2F 0-2: Ball 1-2: Ball 2-2: Ball 3-2: Ground out 4-3 (Groundball, 4S, EV 85.0 MPH)
|
|
Batting: RHB Reynaldo Herrera
|
0-0: Ball 1-0: SINGLE (Line Drive, 56D, EV 95.0 MPH)
|
|
Batting: LHB John Holst
|
0-0: Ball Pickoff Throw to First - Out! 1-3 1-0: Ball 2-0: Ball 3-0: Swinging Strike 3-1: Called Strike 3-2: Foul Ball, location: 2F 3-2: Base on Balls
|
|
Pitching: RHP Xavier Castaneda
|
|
|
Batting: RHB David Schweitzer
|
0-0: Ball 1-0: Ball Wild Pitch! John Holst to second 2-0: Foul Ball, location: 2F 2-1: Ground out 6-3 (Groundball, 4M, EV 99.4 MPH)
|
| Bottom of the 5th over - 0 runs, 1 hit, 0 errors, 1 left on base; Quad Cities 1 - Lake County 4 |
| TOP OF THE 6TH |
|
Quad Cities River Bandits batting - Pitching for Lake County Captains : RHP En-guo Tsu
|
|
Batting: SHB Salvador Gomez
|
0-0: Ball 1-0: Foul Ball, location: 2F 1-1: Ball 2-1: Foul Ball, location: 2F 2-2: Ball 3-2: Foul Ball, location: 2F 3-2: SINGLE (Line Drive, 5L, EV 105.0 MPH)
|
|
Batting: LHB Danny Wolver
|
0-0: Swinging Strike 0-1: Foul Ball, location: 2F 0-2: Ball 1-2: Foul Ball, location: 2F 1-2: Foul Ball, location: 2F 1-2: Grounds into double play, 4-6-3 (Groundball, 4, EV 85.6 MPH)
|
|
Batting: RHB Jorge Gutierrez
|
0-0: Ball 1-0: Ground out 6-3 (Groundball, 6, EV 101.2 MPH)
|
| Top of the 6th over - 0 runs, 1 hit, 0 errors, 0 left on base; Quad Cities 1 - Lake County 4 |
| BOTTOM OF THE 6TH |
|
Lake County Captains batting - Pitching for Quad Cities River Bandits : RHP Xavier Castaneda
|
|
Batting: RHB Anibal Casteles
|
0-0: Called Strike 0-1: Ball 1-1: SINGLE (Groundball, 6D, EV 104.4 MPH)
|
|
Batting: RHB Kenzo Shinoda
|
0-0: Fly out, F9 (Flyball, 9LS, EV 86.2 MPH)
|
|
Batting: RHB Jeremy Givens
|
0-0: Foul Ball, location: 2F 0-1: Ball 1-1: 2-RUN HOME RUN (Flyball, 7LD, EV 96.2 MPH), Distance : 356 ft
|
|
Batting: LHB Alberto Chavez
|
0-0: Ball 1-0: Ball 2-0: Swinging Strike 2-1: Ball 3-1: Base on Balls
|
|
Batting: LHB Danny Moreno
|
0-0: Called Strike 0-1: Ball Alberto Chavez is caught stealing 2nd base 2-6 1-1: Ground out U3 (Groundball, 3L, EV 103.1 MPH)
|
| Bottom of the 6th over - 2 runs, 2 hits, 0 errors, 0 left on base; Quad Cities 1 - Lake County 6 |
| TOP OF THE 7TH |
|
Quad Cities River Bandits batting - Pitching for Lake County Captains : RHP En-guo Tsu
|
|
Pitching: LHP Aaron Manees
|
|
|
Batting: RHB Juan Mendoza
|
0-0: Foul Ball, location: 2F 0-1: Ball 1-1: Ground out 4-3 (Groundball, 4, EV 81.2 MPH)
|
|
Batting: LHB Josh Birkner
|
0-0: Ball 1-0: Ground out U3 (Groundball, 3, EV 101.2 MPH)
|
|
Batting: RHB Nick Deegan
|
0-0: Ball 1-0: Called Strike 1-1: Swinging Strike 1-2: Ball 2-2: Strikes out swinging
|
| Top of the 7th over - 0 runs, 0 hits, 0 errors, 0 left on base; Quad Cities 1 - Lake County 6 |
| BOTTOM OF THE 7TH |
|
Lake County Captains batting - Pitching for Quad Cities River Bandits : RHP Xavier Castaneda
|
|
Batting: RHB Willie Gonzales
|
0-0: Ball 1-0: Ball 2-0: Swinging Strike 2-1: Called Strike 2-2: Ball 3-2: Fly out, F3 (Line Drive, 34D, EV 73.1 MPH)
|
|
Batting: RHB Reynaldo Herrera
|
0-0: Called Strike 0-1: Hit by Pitch
|
|
Batting: LHB John Holst
|
0-0: Ball Reynaldo Herrera is caught stealing 2nd base 2-6 1-0: Called Strike 1-1: Ball 2-1: Ball 3-1: Base on Balls
|
|
Batting: RHB David Schweitzer
|
0-0: Ball 1-0: Foul Ball, location: 2F 1-1: Called Strike John Holst steals 2nd base 1-2: 2-RUN HOME RUN (Flyball, 7D, EV 100.0 MPH), Distance : 384 ft
|
|
Batting: RHB Anibal Casteles
|
0-0: Ball 1-0: Ball 2-0: Ball 3-0: Base on Balls
|
|
Pinch Hitting: RHB Ricky Cordova
|
0-0: Ball 1-0: Ball 2-0: Called Strike 2-1: Ball 3-1: Foul Ball, location: 2F 3-2: Ground out 6-3 (Groundball, 6, EV 87.5 MPH)
|
| Bottom of the 7th over - 2 runs, 1 hit, 0 errors, 1 left on base; Quad Cities 1 - Lake County 8 |
| TOP OF THE 8TH |
|
Quad Cities River Bandits batting - Pitching for Lake County Captains : LHP Aaron Manees
|
|
Now in CF: Ricky Cordova
|
|
|
Batting: RHB Kieron Clark
|
0-0: Ball 1-0: Swinging Strike 1-1: Ball 2-1: Ball 3-1: Foul Ball, location: 2F 3-2: Fly out, F9 (Flyball, 9S, EV 90.6 MPH)
|
|
Batting: RHB Jordan Williams
|
0-0: Fly out, F3 (Line Drive, 3L, EV 62.5 MPH)
|
|
Batting: RHB Bobby Dunn
|
0-0: Called Strike 0-1: Ball 1-1: Ball 2-1: Called Strike 2-2: Foul Ball, location: 2F 2-2: Ball 3-2: Foul Ball, location: 2F 3-2: Ground out U3 (Groundball, 3, EV 92.5 MPH)
|
| Top of the 8th over - 0 runs, 0 hits, 0 errors, 0 left on base; Quad Cities 1 - Lake County 8 |
| BOTTOM OF THE 8TH |
|
Lake County Captains batting - Pitching for Quad Cities River Bandits : RHP Xavier Castaneda
|
|
Batting: RHB Jeremy Givens
|
0-0: Ball 1-0: Ball 2-0: Foul Ball, location: 2F 2-1: Ball 3-1: Base on Balls
|
|
Batting: LHB Alberto Chavez
|
0-0: Ball 1-0: Called Strike Jeremy Givens steals 2nd base 1-1: Ball 2-1: Foul Ball, location: 2F 2-2: Ball 3-2: Ground out U3 (Groundball, 3L, EV 86.9 MPH) Jeremy Givens to third
|
|
Batting: LHB Danny Moreno
|
0-0: 2-RUN HOME RUN (Flyball, 9D, EV 100.0 MPH), Distance : 375 ft
|
|
Batting: RHB Willie Gonzales
|
0-0: Ball 1-0: Ball 2-0: Ball 3-0: Base on Balls
|
|
Pitching: RHP Justin Olmstead
|
|
|
Batting: RHB Reynaldo Herrera
|
0-0: Ball 1-0: Swinging Strike 1-1: Ball 2-1: Ball Passed Ball! Willie Gonzales to second 3-1: Base on Balls
|
|
Batting: LHB John Holst
|
0-0: Fielders Choice at 2nd, 6-4 (Groundball, 6M, EV 103.8 MPH) Willie Gonzales to third
|
|
Batting: RHB David Schweitzer
|
0-0: Called Strike 0-1: Ball 1-1: Ball 2-1: Ball Wild Pitch! Willie Gonzales scores John Holst to second 3-1: Foul Ball, location: 2F 3-2: Foul Ball, location: 2F 3-2: Base on Balls
|
|
Batting: RHB Anibal Casteles
|
0-0: Ball 1-0: Ball 2-0: Fly out, F9 (Line Drive, 9, EV 88.8 MPH)
|
| Bottom of the 8th over - 3 runs, 1 hit, 0 errors, 2 left on base; Quad Cities 1 - Lake County 11 |
| TOP OF THE 9TH |
|
Quad Cities River Bandits batting - Pitching for Lake County Captains : LHP Aaron Manees
|
|
Batting: SHB Salvador Gomez
|
0-0: Called Strike 0-1: Ball 1-1: Ball 2-1: Ground out 6-3 (Groundball, 6, EV 81.9 MPH)
|
|
Batting: LHB Danny Wolver
|
0-0: Ball 1-0: Called Strike 1-1: SINGLE (Groundball, 34D, EV 96.2 MPH)
|
|
Batting: RHB Jorge Gutierrez
|
0-0: Fielders Choice at 2nd, 4-6 (Groundball, 4, EV 81.9 MPH)
|
|
Batting: RHB Juan Mendoza
|
0-0: Ball 1-0: Foul Ball, location: 2F 1-1: Ball 2-1: Fielders Choice at 2nd, 6-4 (Groundball, 6, EV 89.4 MPH)
|
| Top of the 9th over - 0 runs, 1 hit, 0 errors, 1 left on base; Quad Cities 1 - Lake County 11 |
|